 Dungeon Crawl Stone Soup version 0.30.0-20-g3615ddf2f0 (webtiles) character file.

Game seed: 9811291583499680775

429 qw the Shield-Bearer (level 6, 0/37 HPs)
             Began as a Gargoyle Fighter on May 29, 2023.
             Slain by a gnoll
             ... wielding a +0 flail
             ... led by a gnoll bouda
              (8 damage)
             ... on level 4 of the Dungeon.
             The game lasted 00:01:21 (2762 turns).

qw the Shield-Bearer (Gargoyle Fighter)             Turns: 2762, Time: 00:01:21

Health: 0/37       AC: 15    Str: 24      XL:     6   Next: 98%
Magic:  6/6        EV:  4    Int:  8      God:
Gold:   216        SH: 19    Dex:  5 (9)  Spells: 5/5 levels left

rFire   . . .        Y - +0 war axe
rCold   . . .        g - +8 tower shield "Yfret" {Str+2}
rNeg    + . .        h - +0 plate armour
rPois   inf          (no helmet)
rElec   +            (no cloak)
rCorr   .            (no gloves)
SInv    .            (no boots)
Will    .....        (no amulet) Stlth
                     (no ring)
HPRegen 0.26/turn    (no ring)
MPRegen 0.10/turn

%: no passive effects
@: no status effects
A: sickness immunity, AC +4, negative energy resistance 1, electricity
resistance, torment resistance 1, petrification resistance
a: no special abilities


You were on level 4 of the Dungeon.
You visited 1 branch of the dungeon, and saw 4 of its levels.

You collected 216 gold pieces.


Innate Abilities, Weirdness & Mutations

You are immune to sickness and miasma.
Your stone body is resilient. (AC +4)
You are immune to poison.
You resist negative energy. (rN+)
You are resistant to electric shocks. (rElec)
You are resistant to unholy torment.
You are immune to petrification.


   Skills:
 - Level 3.3 Fighting
 - Level 5.0 Axes
 - Level 3.2 Armour
 + Level 6.0 Shields


You had 5 spell levels left.
You didn't know any spells.
Your spell library was empty.

Inventory:

Hand Weapons
 e - a +0 mace
 Y - a +0 war axe (weapon)
Armour
 g - the +8 tower shield "Yfret" (worn) {Str+2}
   (You acquired it on level 3 of the Dungeon)

   Str:       It affects your strength (+2).
 h - a +0 plate armour (worn)
Scrolls
 a - a scroll of identify
Potions
 b - a potion of curing
 c - a potion of berserk rage {unknown}
 d - a potion of might
 f - 2 potions of attraction
 n - a potion of lignification
 p - a potion of mutation

Dungeon Overview and Level Annotations

Branches:
Dungeon (4/15)
 Temple: D:4-7

Altars:
Hepliaklqana
Uskayaw
Vehumet
The Shining One

Annotations:
D:4 2 runed translucent doors, Eustachio


Message History

A gnoll comes into view. It is wielding a +0 flail.
The gnoll barely misses you.
The gnoll hits you from afar with a +0 spear.
The gnoll drinks a potion.
The gnoll flickers and vanishes!
Deactivating autopickup; reactivate with Ctrl-A.
You barely miss the gnoll.
The gnoll is heavily wounded.
You hit the gnoll bouda. You slash the gnoll! The gnoll completely misses you.
The gnoll bouda barely misses you.
The gnoll hits you from afar with a +0 spear.
You block the gnoll's attack. You block the gnoll bouda's attack.
Eustachio gestures wildly while chanting.
The gnoll hits you but does no damage.
You barely miss the gnoll.
The gnoll is almost dead.
You barely miss the gnoll bouda. You barely miss the gnoll.
You block the gnoll's attack.
The gnoll hits you from afar with a +0 halberd.
The gnoll hits you but does no damage.
The gnoll bouda barks out a call to the hunt!
The gnoll picks up the pace!
You block the gnoll's attack. x2
The gnoll shouts!
You hear a shout!
You slash the gnoll!
You kill the gnoll!
You hit the gnoll. You hit the gnoll bouda. You block the gnoll's attack. x2
The gnoll bouda calls upon its god to heal the gnoll.
The gnoll is healed somewhat.
Eustachio casts a spell.
The gnoll barely misses you.
A gnoll comes into view. It is wielding a +0 halberd.
The gnoll hits you from afar with a +0 halberd!
The gnoll bouda closely misses you. The gnoll hits you with a +0 whip.
Your Shields skill increases to level 6!
You hit the gnoll bouda.
The gnoll bouda is heavily wounded.
You hit the gnoll. You hit something. Something hits you!
You die...

###### #....### ###
####......# ##.#
#....[...## #..##
........## ##...###
........####.#....##
...................#
....##.........g...#
....####......gg@####..
.....# #...#...{##.....
...........##.gg..ยค.@..
............@.)#.......
.[.......r..5rg###.....
..#.#.........g. .....
..#.. ......#.## .... (
.......g. ..# ....#...>
..#


You could see Eustachio, a gnoll bouda, 6 gnolls, 2 river rats and a shadow imp
(summoned).

Vanquished Creatures
  An ogre (D:4)
  A scorpion (D:4)
  A hound (D:4)
  A jelly (D:4)
  Jessica (D:1)
  An iguana (D:3)
  6 gnolls
  4 adders
  An ufetubus (D:3)
  3 worms
  6 dart slugs
  4 ball pythons
  2 endoplasms
  3 giant cockroaches (D:1)
  4 goblins
  7 hobgoblins
  2 jackals (D:2)
  4 quokkas
  5 kobolds
  4 rats
61 creatures vanquished.

Notes
Turn   | Place    | Note
-------+----------+-------------------------------------------
     0 | D:1      | qw the Gargoyle Fighter began the quest for the Orb.
     0 | D:1      | Reached XP level 1. HP: 14/14 MP: 1/1
     0 | D:1      | 0 ||| qw: Version: 0.2-a-101-gf424e7f
     0 | D:1      | 0 ||| qw: Game counter: 325
     0 | D:1      | 0 ||| qw: Always use a shield: true
     0 | D:1      | 0 ||| qw: God list: Okawaru
     0 | D:1      | 0 ||| qw: Allow faded altars: false
     0 | D:1      | 0 ||| qw: Do Orc after D:15 true
     0 | D:1      | 0 ||| qw: Do second Lair branch before Depths: true
     0 | D:1      | 0 ||| qw: Lair rune preference: random
     0 | D:1      | 0 ||| qw: Plans: Normal, Zot:1-4, Slime:5, God:TSO, Crypt,
                  | Tomb, Pan, Hells, Abyss, Win
     0 | D:1      | 0 ||| PLANNING D:1-11
   182 | D:1      | Reached XP level 2. HP: 19/19 MP: 2/2
   276 | D:1      | 276 ||| Stepping ~*~*~tactically~*~*~ (hiding).
   279 | D:1      | 279 ||| Stepping ~*~*~tactically~*~*~ (hiding).
   348 | D:1      | 348 ||| Stepping ~*~*~tactically~*~*~ (hiding).
   747 | D:1      | 747 ||| UPGRADING to +0 chain mail.
   757 | D:1      | 757 ||| DROPPING +0 scale mail.
   758 | D:1      | 758 ||| READING scroll labelled LOHOED CYTO.
   759 | D:1      | 759 ||| READING scroll labelled MAFAHI LYLUI.
   760 | D:1      | 760 ||| READING 2 scrolls labelled UREDUE PAWENWIGH.
   761 | D:1      | 761 ||| READING scroll labelled ZONAINTUITO.
   762 | D:1      | 762 ||| READING scroll labelled DAIXEGH TAQAR.
   765 | D:1      | 765 ||| DROPPING scroll of butterflies.
   788 | D:2      | Noticed Jessica
   795 | D:2      | 795 ||| STAIRDANCE
   799 | D:1      | Killed Jessica
   800 | D:1      | Reached skill level 3 in Axes
   800 | D:1      | Reached XP level 3. HP: 8/23 MP: 3/3
   895 | D:2      | 895 ||| Stepping ~*~*~tactically~*~*~ (stealth).
   985 | D:2      | 985 ||| Stepping ~*~*~tactically~*~*~ (stealth).
  1016 | D:2      | Reached XP level 4. HP: 26/28 MP: 4/4
  1168 | D:2      | 1168 ||| Stepping ~*~*~tactically~*~*~ (stealth).
  1169 | D:2      | 1169 ||| Stepping ~*~*~tactically~*~*~ (stealth).
  1400 | D:2      | Found a faded altar of an unknown god.
  1546 | D:2      | 1546 ||| READING 5 scrolls labelled IRYOVU MERUH.
  1547 | D:2      | 1547 ||| DRINKING 2 murky puce potions.
  1548 | D:2      | 1548 ||| DRINKING 2 smoky puce potions.
  1549 | D:2      | 1549 ||| READING 4 scrolls of identify.
  1549 | D:2      | 1549 ||| IDENTIFYING coppery potion
  1550 | D:2      | 1550 ||| READING 3 scrolls of identify.
  1550 | D:2      | 1550 ||| IDENTIFYING metallic inky potion
  1551 | D:2      | 1551 ||| READING 2 scrolls of identify.
  1551 | D:2      | 1551 ||| IDENTIFYING viscous green potion
  1552 | D:2      | 1552 ||| DROPPING potion of flight.
  1553 | D:2      | 1553 ||| DROPPING potion of magic.
  1606 | D:3      | Found a hazy altar of Hepliaklqana.
  1729 | D:3      | Reached XP level 5. HP: 32/32 MP: 5/5
  1870 | D:3      | Found a radiant altar of Vehumet.
  1997 | D:3      | Found a glowing golden altar of the Shining One.
  2223 | D:3      | 2223 ||| Stepping ~*~*~tactically~*~*~ (stealth).
  2303 | D:3      | Found a hide-covered altar of Uskayaw.
  2353 | D:3      | 2353 ||| UPGRADING to +0 plate armour.
  2363 | D:3      | 2363 ||| DROPPING +0 chain mail.
  2364 | D:3      | 2364 ||| READING scroll labelled BEUPAO QUESUBB.
  2365 | D:3      | 2365 ||| READING scroll labelled ZEOSTR TODIOSO.
  2365 | D:3      | Identified a scroll of acquirement
  2365 | D:3      | 2365 ||| ACQUIRING +8 tower shield "Yfret" {Str+2}
  2365 | D:3      | Acquired the +8 tower shield "Yfret" {Str+2}
  2367 | D:3      | 2367 ||| UPGRADING to +8 tower shield "Yfret" {Str+2}.
  2377 | D:3      | 2377 ||| DROPPING +0 buckler.
  2378 | D:3      | 2378 ||| DRINKING 2 lumpy inky potions.
  2379 | D:3      | 2379 ||| READING 2 scrolls of identify.
  2379 | D:3      | 2379 ||| IDENTIFYING murky golden potion
  2406 | D:4      | 2406 ||| STAIRDANCE
  2413 | D:3      | HP: 7/32 [ufetubus (3)]
  2414 | D:3      | 2414 ||| DRINKING potion of heal wounds.
  2431 | D:4      | 2431 ||| Stepping ~*~*~tactically~*~*~ (hiding).
  2432 | D:4      | 2432 ||| Stepping ~*~*~tactically~*~*~ (hiding).
  2439 | D:4      | 2439 ||| Stepping ~*~*~tactically~*~*~ (hiding).
  2550 | D:4      | Noticed an ogre
  2555 | D:4      | Reached skill level 4 in Shields
  2555 | D:4      | Reached XP level 6. HP: 37/37 MP: 6/6
  2563 | D:4      | Reached skill level 5 in Shields
  2613 | D:4      | Found a large runed translucent door.
  2613 | D:4      | Found a large runed translucent door.
  2729 | D:4      | Noticed Eustachio
  2730 | D:4      | 2730 ||| Stepping ~*~*~tactically~*~*~ (stealth).
  2746 | D:4      | 2746 ||| Stepping ~*~*~tactically~*~*~ (hiding).
  2748 | D:4      | 2748 ||| Stepping ~*~*~tactically~*~*~ (hiding).
  2761 | D:4      | HP: 7/37 [gnoll/+0 whip[a gnoll bouda] (3)]
  2762 | D:4      | Reached skill level 6 in Shields
  2762 | D:4      | Slain by a gnoll

Levels and vault maps discovered:
D:1:      psy_arrival_conway, layout_loops_ring
D:2:      layout_basic, dreamdust_ecumenical_altar_grove, uniq_jessica
D:3:      layout_basic, nicolae_hepliaklqana_hazy_memory, tso_metal_star,
          mainiacjoe_overflow_concentric_impassable, lemuel_tele_altar
D:4:      layout_cave_pools, jmf_multi_god_temple2, uniq_menkaure,
          uniq_eustachio

Skill      XL: |  1  2  3  4  5  6 |
---------------+-------------------+-----
Axes           | 2 3 4 5 |  5.0
Shields        | 4 6 |  6.0
Fighting       | |  3.3
Armour         | |  3.2

Action                     |  1- 3 |  4- 6 || total
---------------------------+-------+-------++-------
  Melee: War axe           |    64 |   129 ||   193
  Throw: Boomerang         |    14 |    16 ||    30
    Use: Scroll            |     5 |     7 ||    12
         Potion            |       |     4 ||     4
 Armour: Scale mail        |    10 |       ||    10
         Chain mail        |    29 |    34 ||    63
         Plate armour      |       |    61 ||    61
  Dodge: Dodged            |    28 |    38 ||    66
  Block: Buckler           |    10 |    18 ||    28
         Tower shield      |       |    99 ||    99

Table legend:
 A = Non-vault XP
 B = Vault XP
 C = Vault XP percentage of total XP
 D = Non-vault monster count
 E = Vault monster count
 F = Vault count percentage of total count
                 A         B        C        D         E       F
            +---------+---------+-------+---------+---------+-------
      Total |     577 |      37 |   6.0 |      60 |       1 |   1.6
            +---------+---------+-------+---------+---------+-------
        D:1 |      27 |      37 |  57.8 |      15 |       1 |   6.2
        D:2 |      58 |       0 |   0.0 |      15 |       0 |   0.0
        D:3 |     164 |       0 |   0.0 |      21 |       0 |   0.0
        D:4 |     328 |       0 |   0.0 |       9 |       0 |   0.0
            +---------+---------+-------+---------+---------+-------
